 Dungeon Crawl Stone Soup version 0.14-a0-3154-g428849b (webtiles) character file.

1334 Amnesiac the Covert (level 8, -7/51 HPs)
             Began as a Halfling Chaos Knight on Mar 9, 2014.
             Was a Plaything of Xom.
             Mangled by an ogre
             ... wielding a +0,+0 giant club
              (42 damage)
             ... on Level 5 of the Dungeon.
             The game lasted 00:16:45 (4081 turns).

Amnesiac the Covert (Halfling Chaos Knight)         Turns: 4081, Time: 00:16:45

HP  -7/51        AC  9     Str  9      XL: 8   Next: 61%
MP   8/8         EV 17     Int 12      God: Xom
Gold 214         SH  0     Dex 18      Spells:  0 memorised,  7 levels left

rFire  . . .     SeeInvis .     a - +0 short sword (chaos)
rCold  . . .     Clarity  .     b - +2 leather armour
rNeg   . . .     Conserve .     (no shield)
rPois  .         rCorr    .     (no helmet)
rElec  .         rRot     .     D - +0 cloak
SustAb . .       Spirit   .     p - +2 pair of gloves
rMut   .         Warding  .     (no boots)
Saprov . . .     Stasis   .     (no amulet)
MR     .....                    (no ring)
                                (no ring)

@: not resistant to hostile enchantments, extremely stealthy
A: mutation resistance 1, slow metabolism 1
a: Renounce Religion


You were on level 5 of the Dungeon.
You worshipped Xom.
You were a plaything of Xom.
You were not hungry.

You visited 1 branch of the dungeon, and saw 6 of its levels.
You also visited: Sewer.

You collected 214 gold pieces.

Inventory:

Hand weapons
 a - a +0,+0 short sword of chaos (weapon)
 g - a +2,+1 short sword of venom
 m - a cursed +2,+0 dagger of protection
 r - a +0 blowgun
 s - a +0,+2 dagger of speed
Missiles
 C - 12 poisoned needles
Armour
 b - a +2 leather armour (worn)
 p - a +2 pair of gloves (worn)
 D - a +0 cloak (worn)
Magical devices
 z - a wand of magic darts (8)
Comestibles
 c - 3 bread rations
 f - a honeycomb
 j - 3 pears
 A - a banana
Scrolls
 e - 3 scrolls of identify
 k - a scroll of enchant weapon I {unknown}
 n - a scroll of amnesia {unknown}
 o - 4 scrolls of teleportation
 q - 3 scrolls of remove curse
 u - a scroll of random uselessness {unknown}
 y - a scroll of fear {unknown}
 E - a scroll of fog {unknown}
Jewellery
 d - an uncursed ring of sustenance {unknown}
Potions
 h - 6 potions of curing {unknown}
 i - a potion of lignification {unknown}
 l - a potion of resistance
 t - a potion of poison {unknown}
 v - a potion of heal wounds
 w - a potion of magic
 x - 2 potions of flight {unknown}


   Skills:
 - Level 2.6 Fighting
 - Level 4.0 Short Blades
 - Level 0.7 Armour
 + Level 6.7 Dodging
 - Level 11.1 Stealth


You had 7 spell levels left.
You didn't know any spells.

Dungeon Overview and Level Annotations

Branches:
Dungeon (6/16)             Temple (0/1) D:5

Altars:
Makhleb
Sif Muna

Shops:
D:6 :


Innate Abilities, Weirdness & Mutations

You are small and have problems with some larger weapons.
You are somewhat resistant to further mutation.
You have a slow metabolism.


Message History

The ogre is moderately wounded.
The ogre misses you.
You barely miss the ogre.
The ogre is moderately wounded.
The ogre hits you with a giant club.
You barely miss the ogre.
The ogre is moderately wounded.
The ogre completely misses you.
You hit the ogre.
You feel better.
The ogre is heavily wounded.
The ogre hits you but does no damage.
You hit the ogre. You burn the ogre.
The ogre is heavily wounded.
You almost hear Xom's maniacal laughter.
Your cloak billows in an unfelt wind.
The ogre barely misses you.
You hit the ogre.
The ogre appears confused.
The ogre is heavily wounded.
The ogre hits you with a giant club!
Ouch! That really hurt!
You die...

#..........######...#..#...
#......<...######.###..#...
$................>..........
#######.#########.###..#... #.#
#.# #..#... #.# #.# #..#... #.#
#.# #..#... ######.####### #.#
#..#... ........O@...# #.#
#..#...
.......#####.###.###..#...
..........................
#......######.###.###..####
.#.... #.# #.# #.)# #.#... #.#
#.###))#### # #.#... #.#
#.......... #.#.#.. #.#
#####..####
#.#.#.###########.#######..####


You could see an ogre (berserk).

Vanquished Creatures
  A hill giant zombie (D:4)
  Menkaure (D:4)
  Purgy (Sewer)
  2 ice beasts (D:5)
  A centaur (D:5)
  2 big fish
  A jelly (D:5)
  Crazy Yiuf (D:5)
  A giant frog skeleton (D:5)
  An orc priest (D:5)
  4 orc wizards
  A worker ant (D:4)
  A worker ant zombie (D:5)
  10 adders
  A giant mite (D:4)
  A worm (D:4)
  7 giant geckos
  2 oozes
  12 orcs
  7 bats
  6 giant cockroaches
  9 goblins
  10 hobgoblins
  6 jackals
  11 kobolds
  2 ball pythons
  11 giant newts
  4 quokkas
  12 rats
129 creatures vanquished.

Vanquished Creatures (others)
  An iron imp (D:4)
  An adder zombie (D:5)
2 creatures vanquished.

Grand Total: 131 creatures vanquished

Notes
Turn   | Place    | Note
--------------------------------------------------------------
     0 | D:1      | Amnesiac, the Halfling Chaos Knight, began the quest for the Orb.
     0 | D:1      | Reached XP level 1. HP: 15/15 MP: 1/1
    32 | D:1      | XOM: divination: detect creatures
    58 | D:1      | Reached skill level 1 in Stealth
    74 | D:1      | XOM: harmless Tloc miscast
   132 | D:1      | XOM: divination: detect items
   153 | D:1      | Reached XP level 2. HP: 20/20 MP: 2/2
   352 | D:1      | Reached XP level 3. HP: 21/25 MP: 3/3
   491 | D:1      | XOM: silly message
   568 | D:1      | XOM: harmless Summ miscast
   693 | D:2      | XOM: potion effect (speed)
   838 | D:2      | Reached XP level 4. HP: 22/30 MP: 4/4
   955 | D:2      | Reached skill level 5 in Stealth
  1162 | D:2      | XOM: scenery: 1 doors open
  1188 | D:3      | XOM: enchant monster (bad)
  1341 | D:3      | Reached skill level 6 in Stealth
  1341 | D:3      | Reached XP level 5. HP: 33/35 MP: 5/5
  1477 | D:3      | Reached skill level 7 in Stealth
  1665 | D:3      | Found a glowing drain.
  1678 | D:3      | XOM: cast spell 'Confusing Touch'
  1687 | D:3      | Reached XP level 6. HP: 23/41 MP: 6/6
  1697 | Sewer    | Entered a sewer
  1910 | Sewer    | Noticed Purgy
  1929 | Sewer    | Killed Purgy
  1929 | Sewer    | Reached skill level 8 in Stealth
  1970 | Sewer    | XOM: potion effect (invisibility)
  1981 | Sewer    | XOM: potion effect (invisibility)
  1987 | Sewer    | Reached skill level 9 in Stealth
  2224 | D:4      | Found a burning altar of Makhleb.
  2224 | D:4      | Noticed a cacodemon
  2224 | D:4      | Noticed a hill giant zombie
  2230 | D:4      | XOM: confusion
  2233 | D:4      | XOM: noise
  2237 | D:4      | XOM: medium Chrm miscast
  2290 | D:4      | XOM: summons friendly iron imp
  2307 | D:4      | XOM: enchant monster (bad)
  2354 | D:4      | XOM: mild Erth miscast
  2476 | D:4      | Reached XP level 7. HP: 42/45 MP: 7/7
  2488 | D:4      | XOM: vitrification
  2638 | D:4      | Noticed Menkaure
  2642 | D:4      | Killed Menkaure
  2642 | D:4      | Reached skill level 10 in Stealth
  2786 | D:5      | Entered Level 5 of the Dungeon
  2824 | D:5      | You fall through a shaft!
  2824 | D:6      | Found a deep blue altar of Sif Muna.
  2824 | D:6      | Found Frerch Tubby's Book Shop.
  2912 | D:5      | XOM: cast spell 'Dispersal'
  2920 | D:5      | XOM: divination: detect items
  2929 | D:5      | Reached skill level 11 in Stealth
  3144 | D:4      | XOM: summons friendly crimson imp
  3159 | D:5      | XOM: colour smoke trail
  3374 | D:5      | Reached XP level 8. HP: 19/51 MP: 8/8
  3441 | D:5      | Found a staircase to the Ecumenical Temple.
  3514 | D:4      | XOM: confuse monster(s)
  3524 | D:4      | Killed a hill giant zombie
  3524 | D:4      | Reached skill level 5 in Dodging
  3860 | D:5      | XOM: silly message
  3865 | D:5      | Noticed Crazy Yiuf
  3878 | D:5      | Killed Crazy Yiuf
  4072 | D:5      | XOM: cast spell 'Discord'
  4074 | D:5      | XOM: swap monsters
  4080 | D:5      | XOM: silly message
  4081 | D:5      | Mangled by an ogre

Action                   |  1- 3 |  4- 6 |  7- 9 || total
-------------------------+-------+-------+-------++-------
Melee: Short sword       |   135 |   217 |   165 ||   517
       Dagger            |       |       |     6 ||     6
Evoke: Wand              |       |       |     1 ||     1
  Use: Scroll            |       |     4 |       ||     4
       Potion            |       |     1 |       ||     1
 Stab: Sleeping          |     4 |     8 |     9 ||    21
       Distracted        |     1 |     3 |     1 ||     5
       Confused          |     1 |       |     1 ||     2
       Paralysed         |       |     2 |     1 ||     3
       Invisible         |       |     3 |       ||     3
       Petrifying        |       |       |     1 ||     1
